 Dungeon Sprint DCSS version 0.24-a0-613-g1ff6aac338 (webtiles) character file.

Game seed: 4807044945129371692, levelgen mode: deterministic

254 Eeowdah the Fighter (level 6, -2/62 HPs)
             Began as a Hill Orc Fighter on Sept 11, 2019.
             Slain by a slime creature (4 damage)
             ... in the Dungeon (Sprint I: "Red Sonja").
             The game lasted 00:07:16 (133 turns).

Eeowdah the Fighter (Hill Orc Fighter)               Turns: 133, Time: 00:07:16

Health: -2/62      AC:  7    Str: 21    XL:     6   Next: 15%
Magic:  6/6        EV:  9    Int:  8    God:
Gold:   108        SH: 11    Dex: 10    Spells: 5/5 levels left

rFire    . . .     SeeInvis .   a - +0 rapier
rCold    . . .     Gourm    .   c - +0 shield
rNeg     . . .     Faith    .   b - +0 scale mail
rPois    .         Spirit   .   (no helmet)
rElec    .         Reflect  .   (no cloak)
rCorr    .         Harm     .   (no gloves)
MR       .....     NoTele   +   (no boots)
Stlth    ..........             (no amulet)
HPRegen  0.20/turn              (no ring)
MPRegen  0.10/turn              (no ring)

@: hasted, very quick
A: no striking features
a: no special abilities


You were in the Dungeon.
You were not hungry.

You visited 1 branch You collected 108 gold pieces.

Inventory:

Hand Weapons
 a - a +0 rapier (weapon)
 g - a +0 scythe
Armour
 b - a +0 scale mail (worn)
 c - a +0 shield (worn)
 j - a +0 robe
Scrolls
 k - a scroll of blinking
Potions
 d - a potion of might
 e - a potion of curing
 i - 2 potions of magic
Comestibles
 f - a ration


   Skills:
 + Level 8.4 Fighting
 + Level 5.9 Short Blades
 + Level 7.0 Armour
 + Level 1.7 Dodging
 + Level 7.7 Shields


You had 5 spell levels left.
You didn't know any spells.
Your spell library was empty.

Dungeon Overview and Level Annotations

Branches:
Dungeon (1/1)

Altars:
Makhleb
Xom
Jiyva
Lugonu


Message History

Okay, then.
There isn't anything here!
Press: ? - help, v - describe, . - travel A fountain of clear blue water.
Press: ? - help, v - describe, . - travel A fountain of clear blue water.
That item cannot be evoked!
There is a fountain of clear blue water here.
There is a fountain of clear blue water here.
You recover from your berserk rage.
You puncture the slime creature!
The slime creature is moderately wounded.
The slime creature hits you.
* * * LOW HITPOINT WARNING * * *
You hit the slime creature.
The slime creature is moderately wounded.
You puncture the slime creature!
The slime creature is heavily wounded.
The slime creature hits you.
You die...

################ ##
#<.#..').#..'..#__#
#..'[J#..'†.#..'^.+
#..#####+#####+#__#
#..# ## #..# #.J#
#⌠@# ####


You could see a slime creature.

Vanquished Creatures
  Sigmund (D)
  An ogre (D)
  Ijyb (D)
3 creatures vanquished.

Notes
Turn   | Place    | Note
-------+----------+-------------------------------------------
     0 | D        | Eeowdah the Hill Orc Fighter began the quest for the Orb.
     0 | D        | Reached XP level 1. HP: 19/19 MP: 1/1
    11 | D        | Noticed Ijyb
    54 | D        | Killed Ijyb
    54 | D        | Reached skill level 5 in Fighting
    54 | D        | Reached XP level 2. HP: 17/29 MP: 2/2
    54 | D        | Reached XP level 3. HP: 22/36 MP: 3/3
    59 | D        | Noticed an ogre
    66 | D        | Killed an ogre
    66 | D        | Reached skill level 6 in Fighting
    66 | D        | Reached skill level 5 in Armour
    66 | D        | Reached skill level 1 in Dodging
    66 | D        | Reached XP level 4. HP: 23/45 MP: 4/4
    69 | D        | Noticed Sigmund
    77 | D        | HP: 2/45 [Sigmund/puff of flame (5)]
    87 | D        | Killed Sigmund
    87 | D        | Reached skill level 8 in Fighting
    87 | D        | Reached skill level 5 in Short Blades
    87 | D        | Reached XP level 5. HP: 42/56 MP: 5/5
    87 | D        | Reached XP level 6. HP: 47/62 MP: 6/6
   102 | D        | Found a burning altar of Makhleb.
   102 | D        | Found a viscous altar of Jiyva.
   102 | D        | Found a shimmering altar of Xom.
   102 | D        | Found a corrupted altar of Lugonu.
   102 | D        | Noticed a slime creature
   107 | D        | HP: 2/62 [slime creature (15)]
   131 | D        | HP: 1/62 [slime creature (3)]
   133 | D        | Slain by a slime creature

Levels and vault maps discovered:
D:        dungeon_sprint_1 [red_sonja_temple_1, red_sonja_temple_small_1]

Skill      XL: |  1  2  3  4 |
---------------+-------------+-----
Fighting       | 5 6 8 |  8.4
Short Blades   | 3 4 5 |  5.9
Armour         | 4 5 7 |  7.0
Shields        | 4 6 7 |  7.7
Dodging        | 1 |  1.7

Action                   |  1- 3 |  4- 6 || total
-------------------------+-------+-------++-------
Melee: Rapier            |    45 |    18 ||    63
  Use: Potion            |       |     3 ||     3
Armor: Scale mail        |    18 |     1 ||    19
Dodge: Dodged            |    13 |     5 ||    18
Block: Shield            |    14 |     6 ||    20

Table legend:
 A = Non-vault XP
 B = Vault XP
 C = Vault XP percentage of total XP
 D = Non-vault monster count
 E = Vault monster count
 F = Vault count percentage of total count
                 A         B        C        D         E       F
            +---------+---------+-------+---------+---------+-------
      Total |       0 |     364 | 100.0 |       0 |       3 | 100.0
            +---------+---------+-------+---------+---------+-------
          D |       0 |     364 | 100.0 |       0 |       3 | 100.0
            +---------+---------+-------+---------+---------+-------
